AoeStats
← Qanfy

Socotra

504479593Analyzed
2v2 RM · 27d ago on Sep 5, 2026· 51m 4s· 4 players
Game mode
Random Map
Map size
Tiny (2 player)
Population
200
Speed
Normal
Resources
Standard
Victory
Conquest
Starting age
Dark Age
Ending age
Imperial Age
RankedLock teamsTeams togetherTeam positionsShared explorationLock speedFull tech treeHidden civsTurbo modeCheats
Victory
Defeat
🇪🇪 Hindustanis · Estonia
1255
+13
🇪🇪 Burgundians · Estonia
1253
+13
🇩🇪 Vikings · Germany
1211
-14
🇳🇱 Ethiopians · Netherlands
1153
-12
Matzenudler
3:51 Loom
10:58 Feudal Age
11:03 Man-at-Arms
11:48 Double-Bit Axe
11:51 Horse Collar
13:53 Arson
18:46 Town Watch
21:53 Castle Age
20:02 Scale Mail Armor
20:13 Forging
20:12 Gold Mining
23:00 Chain Mail Armor
23:01 Bow Saw
24:48 Iron Casting
24:54 Gold Shaft Mining
28:15 Fletching
33:25 Squires
34:00 Bodkin Arrow
47:06 Imperial Age
Kees Harakir!
9:45 Feudal Age
8:42 Loom
10:53 Double-Bit Axe
13:32 Town Watch
13:40 Fletching
13:51 Padded Archer Armor
19:35 Horse Collar
19:54 Gold Mining
24:53 Castle Age
23:27 Man-at-Arms
30:22 Bow Saw
33:28 Scale Mail Armor
33:37 Scale Barding Armor
35:29 Husbandry
38:57 Wheelbarrow
39:55 Squires
42:28 Forging
42:20 Scale Mail Armor
meelis
9:12 Loom
11:57 Feudal Age
16:53 Castle Age
16:12 Double-Bit Axe
18:18 Scale Mail Armor
19:24 Gold Mining
33:37 Chain Mail Armor
35:51 Horse Collar
37:48 Squires
37:08 Pikeman
38:42 Wheelbarrow
41:07 Town Watch
41:54 Bow Saw
42:56 Forging
47:16 Arson
48:19 Iron Casting
48:50 Fletching
53:47 Imperial Age
Qanfy
7:05 Loom
9:09 Feudal Age
8:43 Double-Bit Axe
10:32 Bow Saw
11:54 Wheelbarrow
12:11 Wheelbarrow
18:19 Fletching
22:12 Horse Collar
25:55 Castle Age
24:22 Heavy Plow
24:18 Gold Mining
24:53 Padded Archer Armor
24:55 Scale Mail Armor
27:44 Chain Mail Armor
31:09 Scale Barding Armor
32:09 Hand Cart
33:30 Chain Barding Armor
33:31 Husbandry
34:46 Forging
35:09 Bodkin Arrow
37:28 Burgundian Vineyards
41:22 Imperial Age
38:45 Town Watch
39:58 Iron Casting
40:33 Gold Shaft Mining
39:52 Stone Mining
41:04 Two-Man Saw
42:29 Conscription
41:34 Capped Ram
41:47 Elite Coustillier
43:51 Plate Barding Armor
43:41 Town Patrol
45:35 Chemistry
46:17 Blast Furnace
45:08 Sappers
47:35 Cavalier
49:27 Crop Rotation
48:58 Paladin
50:11 Bracer
50:34 Ballistics
50:24 Masonry
Connection lost

Rejoining the realm…

Still unreachable

The connection could not be restored.

Session expired

The server has moved on; the page needs a fresh start.